 Dungeon Crawl Stone Soup version 0.22-a0-388-g09e6169 (webtiles) character file.

399 Mgcat the Insei (level 6, -8/38 HPs)
             Began as an Octopode Transmuter on Apr 29, 2018.
             Killed by divine providence
             ... invoked by an orc priest
              (14 damage)
             ... on level 4 of the Dungeon.
             The game lasted 00:08:23 (3842 turns).

Mgcat the Insei (Octopode Transmuter)               Turns: 3842, Time: 00:08:24

Health: -8/38      AC:  2    Str: 10    XL:     6   Next: 84%
Magic:  3/9        EV: 19    Int: 17    God:
Gold:   47         SH:  0    Dex: 17    Spells: 3/9 levels left

rFire    . . .     SeeInvis +     - Unarmed
rCold    . . .     Gourm    +   (shield currently unavailable)
rNeg     . . .     Faith    .   (helmet currently unavailable)
rPois    x         Spirit   .   l - amulet of the gourmand {Gourm, !d}
rElec    .         Reflect  .   e - ring of see invisible {sInv, !d}
rCorr    .         Harm     .   (no ring)
MR       .....                  (no ring)
Stlth    ++........             (no ring)
HPRegen  0.12/turn              (no ring)
MPRegen  0.11/turn              (no ring)
                                (no ring)
                                (no ring)

@: spider-form, very slightly contaminated
A: tiny, almost no armour, stealthy swim, (amphibious), 8 rings, (constrict 8)
a: End Transformation


You were on level 4 of the Dungeon.
You were completely stuffed.
You were a venomous arachnid creature.
You visited 1 branch of the dungeon, and saw 4 of its levels.

You collected 47 gold pieces.

Inventory:

Hand Weapons
 h - a +2 dagger of holy wrath (melded)
   (You took it off a goblin on level 1 of the Dungeon)
Missiles
 a - 60 arrows
 o - 2 throwing nets {=f, !d}
Jewellery
 e - a ring of see invisible (left front leg) {sInv, !d}
   (You found it on level 1 of the Dungeon)
 l - an amulet of the gourmand (around neck) {Gourm, !d}
   (You found it on level 2 of the Dungeon)
Scrolls
 f - a scroll of teleportation
 i - 3 scrolls of remove curse
Potions
 d - 2 potions of ambrosia
 g - a potion of agility
 k - a potion of flight {unknown}
 m - a potion of heal wounds {unknown}
Comestibles
 b - 7 chunks of flesh {@w0}
 c - 3 rations


   Skills:
 - Level 1.0 Fighting
 - Level 2.0 Dodging
 + Level 5.1 Unarmed Combat
 - Level 2.0 Spellcasting
 + Level 4.5 Transmutations
 + Level 3.6 Poison Magic


You had 3 spell levels left.
You knew the following spells:

 Your Spells              Type           Power        Failure   Level  Hunger
a - Beastly Appendage     Tmut           ###...       11%         1    #......
b - Sticks to Snakes      Tmut           ###.....     14%         2    ###....
c - Spider Form           Tmut/Pois      ###.......   26%         3    ###....


Dungeon Overview and Level Annotations

Branches:
Dungeon (4/15)
 Temple: D:4-7

Altars:
Ashenzari
Makhleb
Nemelex Xobeh


Innate Abilities, Weirdness & Mutations

You cannot wear most types of armour.
You are very stealthy in the water. (Stealth+)
((You are amphibious.))
You can wear up to eight rings at the same time.
((You can use your tentacles to constrict eight enemies at once.))
((Your skin changes colour to match your surroundings (Stealth+).))
((Your rubbery body absorbs attacks. (AC +1, EV +1)))


Message History

Your tentacle spike disappears.
The orc wizard points at you and mumbles some strange words.
The magic dart hits your ball python.
Your ball python dies!
The orc wizard points at you and mumbles some strange words.
The magic dart hits you!
* * * LOW HITPOINT WARNING * * *
Casting: Sticks to Snakes (safe; 4% risk of failure)
Confirm with . or Enter, or press ? or * to list all spells.
You don't have enough magic to cast that spell.
Unknown command.
Unknown command.
Unknown command.
Unknown command.
Unknown command.
You feel better. The orc wizard hits you with a dagger.
* * * LOW HITPOINT WARNING * * *
You are confused.
You feel invigorated.
The orc wizard gestures at you while chanting.
You resist with some effort. The orc wizard misses you.
You hit the orc wizard.
The orc wizard is moderately wounded.
You feel less invigorated.
You feel less confused.
The orc wizard hits you with a dagger. x2
You hit the orc wizard. You grab the orc wizard.
The orc wizard is heavily wounded.
You constrict the orc wizard, but do no damage.
The orc wizard barely misses you. x2; The orc wizard hits you with a dagger.
You hit the orc wizard.
The orc wizard is severely wounded.
You constrict the orc wizard.
The orc wizard hits you but does no damage.
The orc wizard casts a spell at you. You resist with some effort.
You hit the orc wizard.
You kill the orc wizard!
You feel yourself speed up.
Your magical contamination has completely faded away.
Eating one of 11 chunks of flesh {@w0}.
You eat one of the 11 chunks of flesh {@w0}.
This raw flesh tastes great.
Some of the chunks of flesh in your inventory have rotted away.
Things that are here:
a dagger; a robe; an orc corpse You butcher the orc corpse.
b - 6 chunks of flesh {@w0} (gained 3)
Things that are here:
a dagger; a robe
Things that are here:
a dagger; a robe You butcher the orc corpse.
b - 10 chunks of flesh {@w0} (gained 4)
Things that are here:
a mace; an orc skeleton
Things that are here:
a mace; an orc skeleton You see here a leather armour.
Some of the chunks of flesh in your inventory have rotted away.
You see here a short sword. 2 orc priests come into view.
The orc priest shouts!
You hear a shout!
The orc priest shouts!
An orc priest comes into view. It is wielding a dagger.
The orc priest shouts!
An orc priest comes into view.
Casting: Sticks to Snakes (safe; 4% risk of failure)
Confirm with . or Enter, or press ? or * to list all spells.
You miscast Sticks to Snakes.
You are very lightly contaminated with residual magic.
Your skin glows momentarily.
Casting: Sticks to Snakes (safe; 4% risk of failure)
Confirm with . or Enter, or press ? or * to list all spells.
You create a snake!
You now have 60 arrows.
Casting: Sticks to Snakes (safe; 4% risk of failure)
Confirm with . or Enter, or press ? or * to list all spells.
You turn into a venomous arachnid creature.
Your +2 dagger of holy wrath melds into your body.
Your +2 dagger of holy wrath stops glowing.
The orc priest calls down the wrath of Beogh upon you.
Beogh smites you! The orc priest hits you with a dagger.
Your ball python bites the orc priest.
Your ball python grabs the orc priest.
Your ball python constricts the orc priest.
You bite the orc priest!
The orc priest is poisoned.
The orc priest is severely wounded.
Your ball python barely misses the orc priest.
Your ball python constricts the orc priest.
The orc priest barely misses you.
The orc priest looks satisfied for a moment.
You bite the orc priest!
You kill the orc priest!
You hit the orc priest.
The orc priest is lightly wounded.
The orc priest mumbles some strange prayers to Beogh against you.
Beogh smites you!
* * * LOW HITPOINT WARNING * * *
The orc priest mumbles some strange prayers to Beogh against you.
Beogh smites you!
You die...

******,*,,,,* #.......,,,,.......
*,,,,,,*,,,,* #.....o,,***#.)...#
*,*,*,******* #...o.,,,* #.....#
*,*,*,* #...o,,,,* #......
*,*,*,* #...,,,,,* #......
*,*,*,* #..,,,...####......
*,,,*,**#######o#**,.............
*****,,,...(...o###########......
********##.....Ss............##..
,,,,,,,,...................#.##..
********##.###############)#....#
,,,,,*,,,#,* *,,,,,,,..#....[###
****,*,,,*,* *,,,,,**#.#.....)..
****,,,,,,,* *,,.,,* #.#.###.###
,,,,,,,,,*** *,,..,* #.#...#.#..
,**************,,...###.#...#)#.#
,,,,,,,,,,,,,,,,,.......#...#.#.#


You could see 2 orc priests and a friendly ball python.

Vanquished Creatures
  A howler monkey (D:4)
  A hound (D:4)
  An orc priest (D:4)
  3 orc wizards
  7 adders
  3 gnolls (D:4)
  An ooze (D:1)
  3 worms (D:3)
  6 dart slugs
  4 leopard geckos
  12 orcs
  A ball python (D:1)
  8 bats
  4 giant cockroaches
  10 goblins
  7 hobgoblins
  4 jackals
  4 quokkas (D:3)
  A ball python zombie (D:3)
  2 frilled lizards
  7 kobolds
  6 rats
96 creatures vanquished.

Notes
Turn   | Place    | Note
-------+----------+-------------------------------------------
     0 | D:1      | Mgcat the Octopode Transmuter began the quest for the Orb.
     0 | D:1      | Reached XP level 1. HP: 13/13 MP: 3/3
    10 | D:1      | Noticed a merfolk zombie
    18 | D:1      | Noticed a minotaur zombie
   262 | D:1      | Reached XP level 2. HP: 14/18 MP: 3/5
   272 | D:1      | Learned a level 2 spell: Sticks to Snakes
   506 | D:1      | Reached XP level 3. HP: 6/23 MP: 4/6
   970 | D:2      | Reached skill level 3 in Transmutations
  1158 | D:2      | Found a sparkling altar of Nemelex Xobeh.
  1158 | D:2      | Found a burning altar of Makhleb.
  1230 | D:2      | Found a shattered altar of Ashenzari.
  1248 | D:2      | Reached XP level 4. HP: 26/28 MP: 5/7
  1256 | D:2      | Learned a level 3 spell: Spider Form
  1285 | D:2      | Reached skill level 4 in Unarmed Combat
  1809 | D:3      | Reached skill level 1 in Poison Magic
  1829 | D:3      | HP: 7/28 [poisoned by an adder]
  1837 | D:3      | HP: 6/28 [poisoned by an adder]
  2459 | D:3      | Reached XP level 5. HP: 33/33 MP: 8/8
  2737 | D:3      | Reached skill level 2 in Poison Magic
  3382 | D:4      | Reached skill level 4 in Transmutations
  3382 | D:4      | Reached XP level 6. HP: 38/38 MP: 5/9
  3393 | D:4      | Reached skill level 3 in Poison Magic
  3625 | D:4      | Reached skill level 5 in Unarmed Combat
  3652 | D:4      | HP: 8/38 [orc wizard/magic dart (7)]
  3656 | D:4      | HP: 1/38 [orc wizard/magic dart (7)]
  3842 | D:4      | HP: 6/38 [orc priest/divine providence (11)]
  3842 | D:4      | Killed from afar by an orc priest

Vault maps used:
D:1:      shiori_arrival_whats_in_store_for_you
D:2:      nicolae_ashenzari_panopticon, minitemple
D:3:      first_ration

Skill      XL: |  1  2  3  4  5  6 |
---------------+-------------------+-----
Transmutations | 3 4 |  4.5
Unarmed Combat | 4 5 |  5.1
Poison Magic   | 1 2 3 |  3.6
Fighting       | |  1.0
Dodging        | |  2.0
Spellcasting   | |  2.0

Action                   |  1- 3 |  4- 6 || total
-------------------------+-------+-------++-------
Melee: Unarmed           |    21 |    84 ||   105
       Tentacles         |    15 |     6 ||    21
       Constrict         |    23 |    20 ||    43
       Kick              |    14 |    16 ||    30
       Dagger            |    63 |    69 ||   132
 Cast: Beastly Appendage |    13 |    22 ||    35
       Sticks to Snakes  |       |     4 ||     4
       Spider Form       |       |    14 ||    14
  Use: Scroll            |     3 |     8 ||    11
       Potion            |       |     3 ||     3
 Stab: Sleeping          |     6 |     3 ||     9
  Eat: Chunk             |     1 |    21 ||    22
Armor: Skin              |    12 |     4 ||    16
Dodge: Dodged            |    75 |    94 ||   169

Table legend:
 A = Spawn XP
 B = Non-spawn XP
 C = Spawn XP percentage of total XP
 D = Spawn monster count
 E = Non-spawn monster count
 F = Spawn count percentage of total count
 G = Total turns spent on level
                    A         B        C        D         E        F      G
               +---------+---------+-------+---------+---------+-------+---------
         Total |       0 |     570 |   0.0 |       0 |      96 |   0.0 |  3842
               +---------+---------+-------+---------+---------+-------+---------
           D:1 |       0 |      55 |   0.0 |       0 |      27 |   0.0 |  1021
           D:2 |       0 |      52 |   0.0 |       0 |      16 |   0.0 |   710
           D:3 |       0 |     157 |   0.0 |       0 |      33 |   0.0 |  1411
           D:4 |       0 |     306 |   0.0 |       0 |      20 |   0.0 |   700
               +---------+---------+-------+---------+---------+-------+---------

Vault maps used:
D:1:      shiori_arrival_whats_in_store_for_you
D:2:      nicolae_ashenzari_panopticon, minitemple
D:3:      first_ration

Table legend:
 A = Turns spent in this place as a percentage of turns spent in the entire game.
 B = Non-inter-level travel turns spent in this place as a percentage of non-inter-level travel turns spent in the entire game.
 C = Inter-level travel turns spent in this place as a percentage of turns spent in this place.
 D = Turns resting spent in this place as a percentage of non-inter-level travel turns spent in this place.
 E = Turns spent auto-exploring this place as a percentage of non-inter-level travel turns spent in this place.
 F = Non-inter-level travel turns spent in this place divided by the number of levels of this place that you've seen.
                   A       B       C       D       E      F
               +-------+-------+-------+-------+-------+----------------------
         Total | 100.0 | 100.0 |   1.1 |   0.0 |  81.6 | 950.0
       Dungeon | 100.0 | 100.0 |   1.1 |   0.0 |  81.6 | 950.0
               +-------+-------+-------+-------+-------+----------------------

Table legend:
 A = Kills in this place as a percentage of kills in entire the game.
 B = Kills by you in this place as a percentage of kills by you in the entire game.
 C = Kills by friends in this place as a percentage of kills by friends in the entire game.
 D = Other kills in this place as a percentage of other kills in the entire game.
 E = Experience gained in this place as a percentage of experience gained in the entire game.
 F = Experience gained in this place divided by the number of levels of this place that you have seen.
                   A       B       C       D       E      F
               +-------+-------+-------+-------+-------+----------------------
         Total | 100.0 | 100.0 |   N/A |   N/A | 100.0 | 142.5
       Dungeon | 100.0 | 100.0 |   N/A |   N/A | 100.0 | 142.5
               +-------+-------+-------+-------+-------+----------------------
